 Dungeon Crawl Stone Soup version 0.20.0-7-g3b7b877 (webtiles) character file.

448 Chiseanne the Ducker (level 6, -5/37 HPs)
             Began as a Deep Elf Arcane Marksman on May 28, 2017.
             Slain by a wyvern zombie (6 damage)
             ... on level 6 of the Dungeon.
             The game lasted 00:08:08 (3361 turns).

Chiseanne the Ducker (Deep Elf Arcane Marksman)     Turns: 3361, Time: 00:08:08

Health: -5/37      AC:  8    Str:  9    XL:     6   Next: 73%
Magic:  0/10       EV: 12    Int: 18    God:
Gold:   122        SH:  0    Dex: 15    Spells: 7/8 levels left

rFire    . . .     SeeInvis .   a - +1 spear
rCold    . . .     Gourm    .   (no shield)
rNeg     . . .     Faith    .   m - +0 ring mail
rPois    .         Spirit   +   (no helmet)
rElec    .         Reflect  .   l - scarf {Spirit}
rCorr    .         Harm     .   q - +0 pair of gloves
MR       .....                  (no boots)
Stlth    +.........             (no amulet)
Regen    0.2/turn               (no ring)
MPRegen  0.2/turn               (no ring)

@: no status effects
A: molten scales 1, MP-powered wands
a: no special abilities


You were on level 6 of the Dungeon.
You were hungry.

You visited 1 branch of the dungeon, and saw 6 of its levels.

You collected 122 gold pieces.

Inventory:

Hand Weapons
 a - a +1 spear (weapon)
 w - a +0 hunting sling
Missiles
 k - 110 stones (quivered)
 p - 29 arrows
 v - 4 sling bullets
 z - 13 poisoned needles
 A - 39 bolts
Armour
 l - a scarf of spirit shield (worn)
 m - a +0 ring mail (worn)
 q - a +0 pair of gloves (worn)
 y - a cursed +0 robe
Wands
 g - a wand of lightning (5/15)
Scrolls
 j - a scroll of enchant weapon
 r - 2 scrolls of teleportation
 D - a scroll of remove curse
Potions
 x - a potion of curing
 B - a potion of flight
Books
 c - a book of Debilitation

   Spells                             Type                      Level
   a - Corona                         Hexes                        1
   b - Slow                           Hexes                        2
   c - Inner Flame                    Hexes/Fire                   3
   d - Portal Projectile              Hexes/Translocation          3
   e - Cause Fear                     Hexes                        4
   f - Leda's Liquefaction            Hexes/Earth                  4
 i - a book of Flames

   Spells                             Type                      Level
   a - Flame Tongue                   Conjuration/Fire             1
   b - Throw Flame                    Conjuration/Fire             2
   c - Conjure Flame                  Conjuration/Fire             3
   d - Inner Flame                    Hexes/Fire                   3
   e - Sticky Flame                   Conjuration/Fire             4
   f - Fireball                       Conjuration/Fire             5
Comestibles
 b - 2 meat rations
 d - 4 royal jellies
 f - 5 bread rations
 h - 2 fruits


   Skills:
 * Level 3.2 Fighting
 - Level 1.5(2.2) Slings
 * Level 3.0(3.3) Throwing
 * Level 2.2 Armour
 * Level 5.0 Dodging
 - Level 1.5 Spellcasting
 - Level 4.0 Hexes


You had 7 spell levels left.
You knew the following spells:

 Your Spells              Type           Power        Failure   Level  Hunger
a - Corona                Hex            ###....      10%         1    ##.....


Dungeon Overview and Level Annotations

Branches:
Dungeon (6/15)
 Temple: D:4-7

Altars:
The Shining One

Shops:
D:4 (

Annotations:
D:5 Edmund, Menkaure


Innate Abilities, Weirdness & Mutations

You are partially covered in molten scales. (AC +2)
You expend magic power (3 MP) to strengthen your wands.


Message History

You hit the wyvern zombie.
The wyvern zombie is heavily damaged.
The wyvern zombie bites you.
You hit the wyvern zombie.
The wyvern zombie is heavily damaged.
The wyvern zombie bites you!
* * * LOW HITPOINT WARNING * * *
The wyvern zombie bites you but does no damage.
You hit the wyvern zombie.
The wyvern zombie is severely damaged.
The wyvern zombie bites you.
* * * LOW HITPOINT WARNING * * *
You hit the wyvern zombie.
The wyvern zombie is severely damaged.
The wyvern zombie misses you. The wyvern zombie bites you!
* * * LOW HITPOINT WARNING * * *
You hit the wyvern zombie but do no damage.
The wyvern zombie is severely damaged.
The wyvern zombie bites you!
You die...

# #.#........
#####.### #. #.#.#.
.... #.......#
#..#.... ... #.###.#.#
...#...# ... #.###.#.#
...(...####.#
#.##..#.#
(........##.#
#.##.##.#
#####.##.##.#
#.##.##.#
#.......######..<...^#
####.###..(Z@.....####
#.###.##########
#.)...# #######


You could see a wyvern zombie.

Vanquished Creatures
  2 centaurs (D:5)
  A bullfrog (D:6)
  A scorpion (D:5)
  A bullfrog skeleton (D:5)
  An orc wizard (D:6)
  An iguana (D:6)
  2 adders
  An ooze (D:3)
  3 worms (D:2)
  A leopard gecko (D:1)
  An orc (D:5)
  A ball python (D:3)
  5 giant cockroaches
  7 goblins
  9 hobgoblins
  5 jackals (D:1)
  3 quokkas
  7 bats
  4 frilled lizards
  4 kobolds
  A leopard gecko skeleton (D:6)
  7 rats
68 creatures vanquished.

Notes
Turn   | Place    | Note
-------+----------+-------------------------------------------
     0 | D:1      | Chiseanne the Deep Elf Arcane Marksman began the quest for the Orb.
     0 | D:1      | Reached XP level 1. HP: 11/11 MP: 5/5
    36 | D:1      | Reached skill level 1 in Fighting
    61 | D:1      | Found a glowing golden altar of the Shining One.
    80 | D:1      | Reached XP level 2. HP: 15/16 MP: 6/6
   386 | D:1      | Reached skill level 3 in Dodging
   627 | D:1      | Reached XP level 3. HP: 19/20 MP: 7/7
  1071 | D:2      | Reached skill level 1 in Throwing
  1799 | D:3      | Reached XP level 4. HP: 3/26 MP: 1/8
  2373 | D:4      | Found Ruson's Antique Weapon Emporium.
  2526 | D:5      | Entered Level 5 of the Dungeon
  2538 | D:5      | Reached skill level 4 in Dodging
  2636 | D:5      | Noticed a centaur
  2639 | D:5      | Reached skill level 1 in Armour
  2639 | D:5      | Reached XP level 5. HP: 30/31 MP: 6/9
  2642 | D:5      | Killed a centaur
  2649 | D:5      | Noticed a centaur
  2653 | D:5      | Noticed a phantom
  2653 | D:5      | Gained mutation: You expend magic power (3 MP) to strengthen your wands. [potion of mutation]
  2653 | D:5      | Gained mutation: You are partially covered in molten scales. (AC +2) [potion of mutation]
  2653 | D:5      | Gained mutation: You are clumsy. (Dex -2) [potion of mutation]
  2653 | D:5      | Lost mutation: You are clumsy. (Dex -2) [potion of mutation]
  2678 | D:5      | Killed a centaur
  2678 | D:5      | Reached XP level 6. HP: 11/36 MP: 3/10
  2694 | D:5      | Noticed Menkaure
  2695 | D:5      | Noticed Edmund
  3018 | D:6      | Reached skill level 5 in Dodging
  3360 | D:6      | HP: 1/37 [wyvern zombie (5)]
  3361 | D:6      | Slain by a wyvern zombie

Skill      XL: |  1  2  3  4  5  6 |
---------------+-------------------+-----
Fighting       | 1 2 3 |  3.2
Dodging        | 3 4 5 |  5.0
Throwing       | 1 2 3 |  3.0
Armour         | 1 2 |  2.2
Slings         | |  1.5
Spellcasting   | |  1.5
Hexes          | |  4.0

Action                   |  1- 3 |  4- 6 || total
-------------------------+-------+-------++-------
Melee: Club              |     2 |       ||     2
       Spear             |     2 |   114 ||   116
 Fire: Hunting sling     |   146 |     9 ||   155
 Cast: Corona            |     2 |     4 ||     6
Evoke: Wand              |       |     5 ||     5
  Use: Scroll            |     3 |     7 ||    10
       Potion            |       |     8 ||     8
  Eat: Chunk             |     2 |     4 ||     6
       Fruit             |       |     1 ||     1
Armor: Robe              |    14 |       ||    14
       Leather armour    |    10 |     7 ||    17
       Ring mail         |       |    39 ||    39
Dodge: Dodged            |    58 |    78 ||   136
